 Dungeon Crawl Stone Soup version 0.30-a0-394-g3e4acdb0ae (webtiles) character file.

Game seed: 14781686955616045380

1609 Ijustatesigmund the Grave Robber (level 8, -3/43 HPs)
             Began as a Deep Elf Necromancer on Dec 6, 2022.
             Was an Initiate of Cheibriados.
             Killed from afar by a gargoyle (12 damage)
             ... with a stone arrow
             ... in a bailey.
             The game lasted 00:26:01 (6767 turns).

Ijustatesigmund the Grave Robber (DENe)             Turns: 6767, Time: 00:26:02

Health: -3/43      AC:  9    Str:  6    XL:     8   Next: 63%
Magic:  6/16       EV: 13    Int: 24    God:    Cheibriados [......]
Gold:   416        SH:  0    Dex: 16    Spells: 6/15 levels left

rFire   . . .      SeeInvis .    c - +3 dagger (flame)
rCold   . . .      Faith    .    (no shield)
rNeg    . . .      Spirit   .    a - +1 robe
rPois   +          Reflect  .    d - +2 hat
rElec   .          Harm     .    (no cloak)
rCorr   .          Rampage  .    (no gloves)
Will    .....                    (no boots)
Stlth   +++.......               (no amulet)
HPRegen 0.27/turn                p - ring of poison resistance
MPRegen 0.15/turn                j - +4 ring of protection

@: very slow
A: no striking features
a: Renounce Religion


You were in a bailey.
You worshipped Cheibriados.
Cheibriados was noncommittal.
You visited 2 branches of the dungeon, and saw 8 of its levels.
You also visited: Bailey.

You collected 416 gold pieces.

Inventory:

Hand Weapons
 c - a +3 dagger of flaming (weapon)
 A - a +0 rapier
Armour
 a - a +1 robe (worn)
 d - a +2 hat (worn)
 B - the -1 pair of gloves of the Cicada {Slay+2}
   (You found it on level 7 of the Dungeon)

   Slay:      It affects your accuracy & damage with ranged weapons and melee
   (+2).
Jewellery
 j - a +4 ring of protection (right hand)
 p - a ring of poison resistance (left hand)
 q - a ring of resist corrosion
 z - a ring of see invisible
Scrolls
 e - a scroll of poison
 g - 3 scrolls of teleportation
 r - a scroll of fog
 v - a scroll of enchant weapon
 y - a scroll of blinking
Potions
 f - a potion of heal wounds
 h - 4 potions of curing
 i - a potion of lignification
 k - 4 potions of attraction
 l - a potion of mutation
 m - a potion of ambrosia {unknown}
 n - a potion of might {unknown}
 o - a potion of resistance {unknown}
 s - a potion of brilliance {unknown}
 t - a potion of flight {unknown}
 u - a potion of degeneration {unknown}
 w - a potion of haste {unknown}
 x - a potion of berserk rage {unknown}


   Skills:
 - Level 1.4 Fighting
 - Level 3.4 Dodging
 - Level 4.4 Stealth
 + Level 4.2 Spellcasting
 + Level 6.6 Necromancy
 - Level 5.1 Translocations
 - Level 5.1 Fire Magic
 - Level 5.3 Air Magic
 + Level 1.5 Invocations


You had 6 spell levels left.
You knew the following spells:

 Your Spells              Type           Power      Damage    Failure   Level
a - Necrotise             Necr           100%       1d9       1%          1
b - Agony                 Necr           37%        N/A       17%         5
c - Kindle Blastsparks    Fire/Tloc/Air  60%        2d15      3%          3

Your spell library contained the following spells:

 Spells                   Type           Power      Damage    Failure   Level
 Vampiric Draining        Necr           37%        2d8       1%          3
 Animate Dead             Necr           37%        N/A       6%          4
 Freeze                   Ice            20%        1d4       10%         1
 Ignite Poison            Fire/Tmut/Pois 13%        N/A       14%         3
 Dazzling Flash           Conj/Hex       10%        N/A       28%         3
 Frozen Ramparts          Ice            10%        1d2       28%         3
 Hailstorm                Conj/Ice       5%         3d4       28%         3
 Silence                  Hex/Air        8%         N/A       65%         5
 Freezing Cloud           Conj/Ice/Air   6%         6-21      78%         5


Dungeon Overview and Level Annotations

Branches:
Dungeon (7/15)             Temple (1/1) D:5          Bailey (1/1)

Altars:
Ashenzari
Cheibriados
Dithmenos
Elyvilon
Fedhas
Hepliaklqana
Kikubaaqudgha
Makhleb
Okawaru
Qazlal
Ru
Sif Muna
Trog
Uskayaw
Vehumet
Wu Jian
Xom
Yredelemnul
Zin
The Shining One

Annotations:
D:4 2 transporters, Zsanart's ghost, amateur DESu


Message History

You see here a +0 spear.
Casting: Kindle Blastsparks (dangerous; 3% risk of failure)
Confirm with . or Enter, or press ? or * to list all spells.
A cloud of volatile blastsparks flares up around you!
The gargoyle hurls a stone arrow at you.
The stone arrow hits you!
You see here a +0 halberd.
Casting: Kindle Blastsparks (dangerous; 3% risk of failure)
Confirm with . or Enter, or press ? or * to list all spells.
A cloud of volatile blastsparks flares up around you!
The cloud of blastsparks explodes!
The concussive blast engulfs the gargoyle.
The gargoyle is lightly damaged.
The gargoyle hurls a stone arrow at you.
The stone arrow hits you!
Casting: Kindle Blastsparks (dangerous; 3% risk of failure)
Confirm with . or Enter, or press ? or * to list all spells.
A cloud of volatile blastsparks flares up around you!
The cloud of blastsparks explodes!
The concussive blast engulfs the gargoyle!
The gargoyle is moderately damaged.
The gargoyle hurls a stone arrow at you.
The stone arrow misses you.
The cloud of blastsparks explodes!
The concussive blast engulfs the gargoyle!
The gargoyle is almost destroyed.
Casting: Kindle Blastsparks (dangerous; 3% risk of failure)
Confirm with . or Enter, or press ? or * to list all spells.
You can't see any susceptible monsters within range! (Use Z to cast anyway.)
Casting: Kindle Blastsparks (dangerous; 3% risk of failure)
Confirm with . or Enter, or press ? or * to list all spells.
A cloud of volatile blastsparks flares up around you!
The gargoyle hurls a stone arrow at you.
The stone arrow hits you!
The gargoyle hurls a stone arrow at you.
The stone arrow hits you!
* * * LOW HITPOINT WARNING * * *
The gargoyle hurls a stone arrow at you.
The stone arrow hits you!
You die...

#.≈≈ #. ...# #.≈≈ ..♣
...# #.≈≈## ... ♣..#
#.≈≈.## ...♣...#
#.≈≈..#### ....♣..+
#.≈≈..#..## .......#
#Z≈≈......#
......#########...∩.#
......).)...9§..@...#
.....).)......))....#
......#########.).∩.#
...).......#≈≈..)...#
##'#.......#≈≈..#..##
#..#.......#≈≈..####
+..#########≈≈.## ###
♣≈≈## ♣≈≈


You could see a gargoyle.

Vanquished Creatures
  Sigmund (D:5)
  Duvessa (D:7)
  A black bear (D:5)
  2 ogres
  A phantom (D:5)
  A bullfrog (D:7)
  A gnoll sergeant (D:5)
  A necrophage (D:5)
  3 scorpions
  Dowan (D:7)
  3 hounds
  2 iguanas
  2 orc wizards
  Terence (D:3)
  9 gnolls
  13 adders
  A white imp (D:6)
  4 dart slugs
  11 orcs
  4 endoplasms
  5 goblins
  7 hobgoblins
  2 jackals (D:2)
  8 kobolds
  9 quokkas
  7 ball pythons
  2 bats (D:2)
  4 frilled lizards
  9 orc zombies (Bailey)
  7 rats
123 creatures vanquished.

Vanquished Creatures (collateral kills)
  A jelly (D:4)
  A hound (D:7)
  An adder (D:2)
  An orc (D:5)
  A goblin (D:1)
  A rat (D:1)
6 creatures vanquished.

Vanquished Creatures (others)
  7 fungi (D:1)
7 creatures vanquished.

Grand Total: 136 creatures vanquished

Notes
Turn   | Place    | Note
-------+----------+-------------------------------------------
     0 | D:1      | Ijustatesigmund the Deep Elf Necromancer began the quest
                  | for the Orb.
     0 | D:1      | Reached XP level 1. HP: 10/10 MP: 6/6
   128 | D:1      | Reached skill level 5 in Necromancy
   141 | D:1      | Reached XP level 2. HP: 16/16 MP: 6/8
   602 | D:1      | Reached skill level 1 in Fighting
  1089 | D:2      | Reached XP level 3. HP: 20/20 MP: 10/10
  1783 | D:2      | Reached XP level 4. HP: 25/25 MP: 9/11
  2639 | D:3      | Noticed Terence
  2649 | D:3      | Reached XP level 5. HP: 29/29 MP: 9/12
  2659 | D:4      | Learned a level 5 spell: Agony
  2918 | D:3      | Found a snail-covered altar of Cheibriados.
  3057 | D:3      | Killed Terence
  3058 | D:3      | Reached skill level 6 in Necromancy
  3250 | D:3      | Learned a level 3 spell: Kindle Blastsparks
  3355 | D:3      | Reached XP level 6. HP: 19/32 MP: 6/14
  3846 | D:4      | Reached skill level 1 in Fire Magic
  3956 | D:4      | Reached skill level 1 in Translocations
  3956 | D:4      | Reached skill level 1 in Air Magic
  4393 | D:4      | Found a transporter.
  4393 | D:4      | Noticed Zsanart's ghost (amateur DESu)
  4396 | D:4      | Identified the +7 dire flail of Cowardice {spect, Drain
                  | rPois rN++ Str+2}
  4398 | D:4      | Found a transporter.
  4560 | D:5      | Entered Level 5 of the Dungeon
  4611 | D:5      | Reached XP level 7. HP: 33/38 MP: 1/15
  4768 | D:5      | Found a staircase to the Ecumenical Temple.
  4839 | D:5      | Found a white marble altar of Elyvilon.
  4842 | D:5      | Found a bloodstained altar of Trog.
  4843 | D:5      | Noticed Sigmund
  4844 | D:5      | Found a stormy altar of Qazlal.
  4848 | D:5      | Killed Sigmund
  5113 | D:5      | Found a shadowy altar of Dithmenos.
  5196 | D:5      | Reached XP level 8. HP: 43/43 MP: 11/16
  5975 | D:6      | Found a basalt altar of Yredelemnul.
  6063 | Temple   | Entered the Ecumenical Temple
  6203 | D:3      | Became a worshipper of Cheibriados the Contemplative
  6341 | D:7      | Noticed Dowan
  6360 | D:7      | Identified the -1 pair of gloves of the Cicada {Slay+2}
  6374 | D:7      | Noticed Duvessa
  6391 | D:7      | Killed Duvessa
  6392 | D:7      | Reached skill level 5 in Translocations
  6392 | D:7      | Reached skill level 5 in Fire Magic
  6392 | D:7      | Reached skill level 5 in Air Magic
  6392 | D:7      | Reached skill level 1 in Invocations
  6395 | D:7      | Killed Dowan
  6437 | D:7      | Found a flagged portal.
  6446 | Bailey   | Entered a bailey
  6750 | Bailey   | Noticed a gargoyle
  6767 | Bailey   | Killed from afar by a gargoyle

Illustrated notes

Levels and vault maps discovered:
D:1:      erik_arrival_triangle_small, layout_basic, minmay_shallow_snake_nest
D:2:      layout_basic, serial_forest, infiniplex_forest_lined_room_,
          infiniplex_forest_straight_4, infiniplex_forest_lined_3,
          infiniplex_forest_end_3, infiniplex_forest_end_2,
          infiniplex_forest_clump_diagonal, infiniplex_forest_zigzag_1,
          infiniplex_forest_lined_2, infiniplex_forest_lined_corner,
          kennysheep_nub, interstate_on_off, grunt_ministairs_12,
          serial_park_tiny_pond, cheibrodos_gnoll_hut
D:3:      layout_basic, mainiacjoe_overflow_alcove_2, uniq_terence
D:4:      layout_loops_ring, gammafunk_ghost_smash, skrybe_limestone_x
D:5:      layout_rooms, grunt_temple_overflow_open, lemuel_doored_altar,
          minmay_temple_entry_ruins, uniq_sigmund
D:6:      layout_basic, nicolae_overflow_crystal_walls
D:7:      layout_gridville, enter_bailey_2, uniq_prince_ribbit1, uniq_duvessa
Temple:   nicolae_temple_great_sept
Bailey:   bailey_polearm_vampire_castle_hellmonk, bailey

Skill      XL: |  1  2  3  4  5  6  7  8 |
---------------+-------------------------+-----
Necromancy     | 5 6 |  6.6
Fighting       | 1 |  1.4
Stealth        | 4 |  4.4
Dodging        | 3 |  3.4
Spellcasting   | 4 |  4.2
Fire Magic     | 2 4 5 |  5.1
Translocations | 2 4 5 |  5.1
Air Magic      | 2 3 5 |  5.3
Invocations    | 1 |  1.5

Action                   |  1- 3 |  4- 6 |  7- 9 || total
-------------------------+-------+-------+-------++-------
Melee: Dagger            |    36 |    18 |    22 ||    76
       Punch             |     2 |       |       ||     2
 Cast: Necrotise         |    50 |   131 |    56 ||   237
       Kindle Blastspark |       |       |    23 ||    23
       Agony             |       |       |     3 ||     3
  Use: Scroll            |     4 |     8 |     3 ||    15
       Potion            |       |     1 |     3 ||     4
 Stab: Sleeping          |     3 |       |       ||     3
Armor: Robe              |     6 |    41 |    23 ||    70
       Skin              |       |       |     6 ||     6
Dodge: Dodged            |    14 |    62 |    41 ||   117

Table legend: (Time is in decaauts)
 A = Elapsed time spent in this place.
 B = Non-inter-level travel time spent in this place.
 C = Inter-level travel time spent in this place.
 D = Time resting spent in this place.
 E = Time spent auto-exploring this place.
 F = Levels seen in this place.
 G = Mean time per level.
                   A        B        C        D        E       F      G
               +--------+--------+--------+--------+--------+-----+--------+
         Total |   6851 |   6421 |    430 |    962 |   4345 |   9 |  761.2 |
       Dungeon |   6410 |   5991 |    419 |    781 |   4273 |   7 |  915.7 |
        Temple |     85 |     74 |     11 |      0 |     63 |   1 |   85.0 |
        Bailey |    355 |    355 |      0 |    181 |      9 |   1 |  355.0 |
               +--------+--------+--------+--------+--------+-----+--------+

Top non-repeatable levels by time:
     D:2: 1457 daAuts
     D:4: 1256 daAuts
     D:1: 1050 daAuts
     D:5: 886 daAuts
     D:3: 883 daAuts
     D:6: 759 daAuts
  Bailey: 355 daAuts
     D:7: 118 daAuts
  Temple: 85 daAuts
